| TOP OF THE 1ST |
|
Colorado Avalanche batting - Pitching for Houston Colt .45's : RHP David Sanchez
|
|
Pitching: RHP David Sanchez
|
|
|
Batting: RHB Eric Delgado
|
0-0: Called Strike 0-1: Called Strike 0-2: Foul Ball, location: 2F 0-2: Foul Ball, location: 2F 0-2: SINGLE (Groundball, 4MD, EV 109.4 MPH) (infield hit)
|
|
Batting: LHB Nick Rooney
|
0-0: Ball 1-0: Foul Ball, location: 2F 1-1: 2-RUN HOME RUN (Flyball, 7D, EV 103.1 MPH), Distance : 389 ft
|
|
Batting: SHB Chris Besselman
|
0-0: Ball 1-0: Swinging Strike 1-1: Ball 2-1: Ball 3-1: Base on Balls
|
|
Batting: LHB Glenn Lowther
|
0-0: Foul Ball, location: 2F 0-1: TRIPLE (Line Drive, 78XD, EV 101.9 MPH) Chris Besselman scores
|
|
Batting: RHB Seisaburo Edagawa
|
0-0: Fly out, F9 (Line Drive, 9LM, EV 91.9 MPH) Runner from 3rd tags up, OUT at HOME! 9-2
|
|
Batting: LHB Paul McClintock
|
0-0: Called Strike 0-1: Fly out, F9 (Flyball, 89S, EV 89.4 MPH)
|
| Top of the 1st over - 3 runs, 3 hits, 0 errors, 0 left on base; Colorado 3 - Houston 0 |
| BOTTOM OF THE 1ST |
|
Houston Colt .45's batting - Pitching for Colorado Avalanche : LHP Rafael Lozano
|
|
Pitching: LHP Rafael Lozano
|
|
|
Batting: RHB Daniel Pena
|
0-0: Ball 1-0: DOUBLE (Line Drive, 7LD, EV 107.5 MPH)
|
|
Batting: RHB John Moore
|
0-0: Ground out 6-3 (Groundball, 6, EV 85.0 MPH) Daniel Pena to third
|
|
Batting: RHB Jorge Gutierrez
|
0-0: Ball 1-0: Ball 2-0: Ball 3-0: Called Strike 3-1: Ground out 1-3 (Groundball, 13S, EV 70.0 MPH)
|
|
Batting: RHB Jarno van Lente
|
0-0: Ball 1-0: Foul Ball, location: 2F 1-1: Ball Steal of home, Daniel Pena is out
|
| Bottom of the 1st over - 0 runs, 1 hit, 0 errors, 0 left on base; Colorado 3 - Houston 0 |
| TOP OF THE 2ND |
|
Colorado Avalanche batting - Pitching for Houston Colt .45's : RHP David Sanchez
|
|
Batting: RHB Matviy Oliynyk
|
0-0: Called Strike 0-1: Ball 1-1: Ground out 1-3 (Groundball, 13S, EV 70.0 MPH)
|
|
Batting: SHB Craig Ruzic
|
0-0: Ball 1-0: Called Strike 1-1: Ball 2-1: SINGLE (Line Drive, 6D, EV 109.4 MPH)
|
|
Batting: RHB Wali Mulogo
|
0-0: Ball 1-0: Called Strike 1-1: Ball Craig Ruzic steals 2nd base 2-1: Ball 3-1: Swinging Strike 3-2: Strikes out swinging
|
|
Batting: RHB Eric Delgado
|
0-0: Ball 1-0: Swinging Strike 1-1: SINGLE (Flyball, 6D, EV 86.9 MPH) Craig Ruzic to third Runner from 3rd tries for Home, SAFE, throw by LF to home
|
|
Batting: LHB Nick Rooney
|
0-0: Foul Ball, location: 2F 0-1: Ball 1-1: Ball 2-1: Foul Ball, location: 2F 2-2: Strikes out swinging
|
| Top of the 2nd over - 1 run, 2 hits, 0 errors, 1 left on base; Colorado 4 - Houston 0 |
| BOTTOM OF THE 2ND |
|
Houston Colt .45's batting - Pitching for Colorado Avalanche : LHP Rafael Lozano
|
|
Batting: RHB Jarno van Lente
|
0-0: Swinging Strike 0-1: Ball 1-1: Swinging Strike 1-2: Ball 2-2: Ball 3-2: Base on Balls
|
|
Batting: LHB Bob Govella
|
0-0: Ball 1-0: Foul Ball, location: 2F 1-1: Ball 2-1: Foul Ball, location: 2F 2-2: Foul Ball, location: 2F 2-2: Fly out, F8 (Flyball, 78S, EV 80.6 MPH)
|
|
Batting: RHB Patrick Pinault
|
0-0: Called Strike 0-1: Ball 1-1: Called Strike 1-2: Ball 2-2: Foul Ball, location: 2F 2-2: Strikes out swinging
|
|
Batting: SHB Terciero Ortiz
|
0-0: Ground out U3 (Groundball, 3, EV 106.9 MPH)
|
| Bottom of the 2nd over - 0 runs, 0 hits, 0 errors, 1 left on base; Colorado 4 - Houston 0 |
| TOP OF THE 3RD |
|
Colorado Avalanche batting - Pitching for Houston Colt .45's : RHP David Sanchez
|
|
Batting: SHB Chris Besselman
|
0-0: Foul Ball, location: 2F 0-1: Foul Ball, location: 2F 0-2: Ball 1-2: Foul Ball, location: 2F 1-2: Ball 2-2: Foul Ball, location: 2F 2-2: Ball 3-2: SINGLE (Line Drive, 4D, EV 99.4 MPH)
|
|
Batting: LHB Glenn Lowther
|
0-0: Ball 1-0: Fielders Choice at 2nd, 3-6 (Groundball, 34, EV 85.0 MPH)
|
|
Batting: RHB Seisaburo Edagawa
|
0-0: Ball Glenn Lowther steals 2nd base (no throw) 1-0: Called Strike 1-1: Foul Ball, location: 2F 1-2: Fly out, F9 (Line Drive, 9S, EV 86.2 MPH)
|
|
Batting: LHB Paul McClintock
|
0-0: Ball 1-0: Ball 2-0: Foul Ball, location: 2F 2-1: Fly out, F8 (Flyball, 8RD, EV 102.5 MPH)
|
| Top of the 3rd over - 0 runs, 1 hit, 0 errors, 1 left on base; Colorado 4 - Houston 0 |
| BOTTOM OF THE 3RD |
|
Houston Colt .45's batting - Pitching for Colorado Avalanche : LHP Rafael Lozano
|
|
Batting: LHB Ryan Fridley
|
0-0: Ground out 3-1 (Groundball, 34, EV 80.6 MPH)
|
|
Batting: RHB Roger Pelley
|
0-0: Foul Ball, location: 2F 0-1: Foul Ball, location: 2F 0-2: SINGLE (Groundball, 6MD, EV 104.4 MPH)
|
|
Batting: RHB Daniel Pena
|
0-0: Ball 1-0: Ball 2-0: Swinging Strike 2-1: Ball 3-1: Base on Balls Roger Pelley to second
|
|
Batting: RHB John Moore
|
0-0: Ball 1-0: Ball 2-0: Called Strike 2-1: Foul Ball, location: 2F 2-2: Ball 3-2: Foul Ball, location: 2F 3-2: Grounds into double play, 6-4-3 (Groundball, 6, EV 101.2 MPH)
|
| Bottom of the 3rd over - 0 runs, 1 hit, 0 errors, 1 left on base; Colorado 4 - Houston 0 |
| TOP OF THE 4TH |
|
Colorado Avalanche batting - Pitching for Houston Colt .45's : RHP David Sanchez
|
|
Batting: RHB Matviy Oliynyk
|
0-0: Ball 1-0: Fly out, F9 (Flyball, 9, EV 86.9 MPH)
|
|
Batting: SHB Craig Ruzic
|
0-0: Called Strike 0-1: Ball 1-1: Foul Ball, location: 2F 1-2: Ball 2-2: Foul Ball, location: 2F 2-2: DOUBLE (Line Drive, 7LS, EV 108.1 MPH)
|
|
Batting: RHB Wali Mulogo
|
0-0: Ball 1-0: Fly out, F8 (Flyball, 8RXD, EV 91.9 MPH) Runner from 2nd tags up, SAFE at 3rd, no throw by CF
|
|
Batting: RHB Eric Delgado
|
0-0: Ball 1-0: Swinging Strike 1-1: Foul Ball, location: 2F 1-2: Foul Ball, location: 2F 1-2: Strikes out looking
|
| Top of the 4th over - 0 runs, 1 hit, 0 errors, 1 left on base; Colorado 4 - Houston 0 |
| BOTTOM OF THE 4TH |
|
Houston Colt .45's batting - Pitching for Colorado Avalanche : LHP Rafael Lozano
|
|
Batting: RHB Jorge Gutierrez
|
0-0: Ball 1-0: Swinging Strike 1-1: Ball 2-1: Foul Ball, location: 2F 2-2: Foul Ball, location: 2F 2-2: Foul Ball, location: 2F 2-2: Foul Ball, location: 2F 2-2: Ball 3-2: Ground out 5-3 (Groundball, 25, EV 90.0 MPH)
|
|
Batting: RHB Jarno van Lente
|
0-0: Ball 1-0: Reached on error, E2 (Groundball, 15S, EV 61.9 MPH)
|
|
Batting: LHB Bob Govella
|
0-0: Ball 1-0: Ball 2-0: Fly out, F9 (Flyball, 8RS, EV 85.0 MPH)
|
|
Batting: RHB Patrick Pinault
|
0-0: Ball 1-0: Ball 2-0: Fly out, F7 (Line Drive, 7D, EV 106.2 MPH)
|
| Bottom of the 4th over - 0 runs, 0 hits, 1 error, 1 left on base; Colorado 4 - Houston 0 |
| TOP OF THE 5TH |
|
Colorado Avalanche batting - Pitching for Houston Colt .45's : RHP David Sanchez
|
|
Batting: LHB Nick Rooney
|
0-0: Called Strike 0-1: Ball 1-1: Ball 2-1: Called Strike 2-2: Strikes out swinging
|
|
Batting: SHB Chris Besselman
|
0-0: Called Strike 0-1: Called Strike 0-2: Foul Ball, location: 2F 0-2: Foul Ball, location: 2F 0-2: Ball 1-2: Ball 2-2: Ball 3-2: Foul Ball, location: 2F 3-2: SOLO HOME RUN (Flyball, 89XD, EV 100.0 MPH), Distance : 400 ft
|
|
Pitching: RHP Vinny Salazar
|
|
|
Batting: LHB Glenn Lowther
|
0-0: Ball 1-0: Fly out, F7 (Flyball, 7, EV 90.0 MPH)
|
|
Batting: RHB Seisaburo Edagawa
|
0-0: Fly out, F9 (Flyball, 9D, EV 75.6 MPH)
|
| Top of the 5th over - 1 run, 1 hit, 0 errors, 0 left on base; Colorado 5 - Houston 0 |
| BOTTOM OF THE 5TH |
|
Houston Colt .45's batting - Pitching for Colorado Avalanche : LHP Rafael Lozano
|
|
Batting: SHB Terciero Ortiz
|
0-0: Ball 1-0: Ball 2-0: Ball 3-0: Base on Balls
|
|
Batting: LHB Ryan Fridley
|
0-0: Ball 1-0: Called Strike 1-1: Called Strike 1-2: Strikes out looking
|
|
Batting: RHB Roger Pelley
|
0-0: Ball 1-0: Ball 2-0: Ball 3-0: Base on Balls Terciero Ortiz to second
|
|
Batting: RHB Daniel Pena
|
0-0: Ball 1-0: Ball 2-0: Called Strike 2-1: Fly out, F9 (Flyball, 89M, EV 92.5 MPH)
|
|
Batting: RHB John Moore
|
0-0: Called Strike 0-1: Swinging Strike 0-2: Ball 1-2: Ball 2-2: Fly out, F8 (Line Drive, 8LD, EV 93.1 MPH)
|
| Bottom of the 5th over - 0 runs, 0 hits, 0 errors, 2 left on base; Colorado 5 - Houston 0 |
| TOP OF THE 6TH |
|
Colorado Avalanche batting - Pitching for Houston Colt .45's : RHP Vinny Salazar
|
|
Batting: LHB Paul McClintock
|
0-0: Ball 1-0: Foul Ball, location: 2F 1-1: Called Strike 1-2: Ball 2-2: DOUBLE (Line Drive, 7LM, EV 91.9 MPH)
|
|
Batting: RHB Matviy Oliynyk
|
0-0: Foul Ball, location: 2F 0-1: Swinging Strike 0-2: Foul Ball, location: 2F 0-2: Foul Ball, location: 2F 0-2: Ball 1-2: Foul Ball, location: 2F 1-2: Strikes out swinging
|
|
Batting: SHB Craig Ruzic
|
0-0: Ball 1-0: Called Strike 1-1: Fly out, F9 (Flyball, 89D, EV 97.5 MPH) Runner from 2nd tags up, SAFE at 3rd with throw by RF
|
|
Batting: RHB Wali Mulogo
|
0-0: Ball 1-0: Ball 2-0: Foul Ball, location: 2F 2-1: Foul Ball, location: 2F 2-2: Fly out, F7 (Line Drive, 78M, EV 100.6 MPH)
|
| Top of the 6th over - 0 runs, 1 hit, 0 errors, 1 left on base; Colorado 5 - Houston 0 |
| BOTTOM OF THE 6TH |
|
Houston Colt .45's batting - Pitching for Colorado Avalanche : LHP Rafael Lozano
|
|
Pitching: RHP Diego Arredondo
|
|
|
Batting: RHB Jorge Gutierrez
|
0-0: Called Strike 0-1: Foul Ball, location: 2F 0-2: Foul Ball, location: 2F 0-2: Strikes out looking
|
|
Batting: RHB Jarno van Lente
|
0-0: Foul Ball, location: 2F 0-1: Foul Ball, location: 2F 0-2: Foul Ball, location: 2F 0-2: Foul Ball, location: 2F 0-2: Foul Ball, location: 2F 0-2: Strikes out swinging
|
|
Batting: LHB Bob Govella
|
0-0: Ball 1-0: Ball 2-0: Called Strike 2-1: Fly out, F9 (Flyball, 9, EV 92.5 MPH)
|
| Bottom of the 6th over - 0 runs, 0 hits, 0 errors, 0 left on base; Colorado 5 - Houston 0 |
| TOP OF THE 7TH |
|
Colorado Avalanche batting - Pitching for Houston Colt .45's : RHP Vinny Salazar
|
|
Batting: RHB Eric Delgado
|
0-0: Ball 1-0: Called Strike 1-1: Ball 2-1: Foul Ball, location: 2F 2-2: Ball 3-2: Ground out 6-3 (Groundball, 6, EV 90.6 MPH)
|
|
Pitching: RHP Hector Carrillo
|
|
|
Batting: LHB Nick Rooney
|
0-0: Fly out, F5 (Line Drive, 5, EV 71.2 MPH)
|
|
Batting: SHB Chris Besselman
|
0-0: Ball 1-0: Foul Ball, location: 2F 1-1: Fly out, F6 (Line Drive, 6M, EV 67.5 MPH)
|
| Top of the 7th over - 0 runs, 0 hits, 0 errors, 0 left on base; Colorado 5 - Houston 0 |
| BOTTOM OF THE 7TH |
|
Houston Colt .45's batting - Pitching for Colorado Avalanche : RHP Diego Arredondo
|
|
Batting: RHB Patrick Pinault
|
0-0: Foul Ball, location: 2F 0-1: Ball 1-1: Ball 2-1: Fly out, F9 (Flyball, 9D, EV 95.6 MPH)
|
|
Batting: SHB Terciero Ortiz
|
0-0: Called Strike 0-1: Ball 1-1: Ball 2-1: Foul Ball, location: 2F 2-2: Strikes out swinging
|
|
Batting: LHB Ryan Fridley
|
0-0: Ball 1-0: Foul Ball, location: 2F 1-1: Foul Ball, location: 2F 1-2: Ball 2-2: Foul Ball, location: 2F 2-2: Strikes out swinging
|
| Bottom of the 7th over - 0 runs, 0 hits, 0 errors, 0 left on base; Colorado 5 - Houston 0 |
| TOP OF THE 8TH |
|
Colorado Avalanche batting - Pitching for Houston Colt .45's : RHP Hector Carrillo
|
|
Batting: LHB Glenn Lowther
|
0-0: Foul Ball, location: 2F 0-1: Ball 1-1: Ball 2-1: Called Strike 2-2: Ball 3-2: SINGLE (Groundball, 4MD, EV 110.0 MPH)
|
|
Batting: RHB Seisaburo Edagawa
|
0-0: Called Strike Glenn Lowther steals 2nd base (no throw) 0-1: Ground out 5-3 (Groundball, 5, EV 81.2 MPH)
|
|
Batting: LHB Paul McClintock
|
0-0: Ball 1-0: Ball 2-0: Ground out 4-3 (Groundball, 4, EV 81.9 MPH) Glenn Lowther to third
|
|
Batting: RHB Matviy Oliynyk
|
0-0: Ball 1-0: Called Strike 1-1: Called Strike 1-2: Fly out, F9 (Flyball, 89M, EV 75.0 MPH)
|
| Top of the 8th over - 0 runs, 1 hit, 0 errors, 1 left on base; Colorado 5 - Houston 0 |
| BOTTOM OF THE 8TH |
|
Houston Colt .45's batting - Pitching for Colorado Avalanche : RHP Diego Arredondo
|
|
Batting: RHB Roger Pelley
|
0-0: Ball 1-0: Ball 2-0: Called Strike 2-1: Foul Ball, location: 2F 2-2: Strikes out swinging
|
|
Batting: RHB Daniel Pena
|
0-0: Ground out 6-3 (Groundball, 6, EV 108.1 MPH)
|
|
Batting: RHB John Moore
|
0-0: Called Strike 0-1: Foul Ball, location: 2F 0-2: Ball 1-2: Strikes out swinging
|
| Bottom of the 8th over - 0 runs, 0 hits, 0 errors, 0 left on base; Colorado 5 - Houston 0 |
| TOP OF THE 9TH |
|
Colorado Avalanche batting - Pitching for Houston Colt .45's : RHP Hector Carrillo
|
|
Batting: SHB Craig Ruzic
|
0-0: Ball 1-0: Ground out 4-3 (Groundball, 4, EV 91.9 MPH)
|
|
Batting: RHB Wali Mulogo
|
0-0: Ball 1-0: Foul Ball, location: 2F 1-1: Swinging Strike 1-2: Foul Ball, location: 2F 1-2: Ball 2-2: Foul Ball, location: 2F 2-2: Ball 3-2: Base on Balls
|
|
Batting: RHB Eric Delgado
|
0-0: Ball 1-0: Foul Ball, location: 2F 1-1: Ball Passed Ball! Wali Mulogo to second 2-1: Ball 3-1: Base on Balls
|
|
Batting: LHB Nick Rooney
|
0-0: Foul Ball, location: 2F 0-1: Foul Ball, location: 2F 0-2: Foul Ball, location: 2F 0-2: Ball 1-2: Ball 2-2: Strikes out swinging
|
|
Batting: SHB Chris Besselman
|
0-0: Ball 1-0: Ball 2-0: Ball 3-0: Called Strike 3-1: Base on Balls Wali Mulogo to third Eric Delgado to second
|
|
Pitching: RHP Marty Jackson
|
|
|
Batting: LHB Glenn Lowther
|
0-0: Called Strike 0-1: Ball 1-1: Fielders Choice at 2nd, 6-4 (Groundball, 6, EV 83.1 MPH)
|
| Top of the 9th over - 0 runs, 0 hits, 0 errors, 3 left on base; Colorado 5 - Houston 0 |
| BOTTOM OF THE 9TH |
|
Houston Colt .45's batting - Pitching for Colorado Avalanche : RHP Diego Arredondo
|
|
Batting: RHB Jorge Gutierrez
|
0-0: Ball 1-0: Called Strike 1-1: Ball 2-1: Ball 3-1: Base on Balls
|
|
Batting: RHB Jarno van Lente
|
0-0: Called Strike 0-1: Ball 1-1: Ball 2-1: Ball 3-1: Called Strike 3-2: Foul Ball, location: 2F 3-2: Base on Balls Jorge Gutierrez to second
|
|
Pitching: LHP Mike Pierce
|
|
|
Batting: LHB Bob Govella
|
0-0: Ball 1-0: Called Strike 1-1: Ball 2-1: Foul Ball, location: 2F 2-2: Ball 3-2: Base on Balls Jorge Gutierrez to third Jarno van Lente to second
|
|
Batting: RHB Patrick Pinault
|
0-0: Ball 1-0: Ball 2-0: Called Strike 2-1: Fielders Choice at 2nd, 5-4 (Groundball, 56, EV 110.0 MPH) Jorge Gutierrez scores Jarno van Lente to third
|
|
Pitching: RHP Tye Dickinson
|
|
|
Batting: SHB Terciero Ortiz
|
0-0: Called Strike 0-1: Swinging Strike 0-2: Ball 1-2: Foul Ball, location: 2F 1-2: Strikes out swinging
|
|
Batting: LHB Ryan Fridley
|
0-0: Ball 1-0: Swinging Strike 1-1: Called Strike 1-2: Ball 2-2: Strikes out swinging
|
| Bottom of the 9th over - 1 run, 0 hits, 0 errors, 2 left on base; Colorado 5 - Houston 1 |
|